 Dungeon Crawl Stone Soup version 0.29.0-4-gdea44cf6ec (webtiles) character file.

Game seed: 1878535446523456146

13873 qw the Cleaver (level 12, 0/76 HPs)
             Began as a Gargoyle Berserker on Sept 4, 2022.
             Was an Elder of Trog.
             Slain by a komodo dragon (10 damage)
             ... on level 2 of the Lair of Beasts.
             The game lasted 00:04:34 (11528 turns).

qw the Cleaver (Gargoyle Berserker)                Turns: 11528, Time: 00:04:34

Health: 0/76       AC: 28    Str: 32    XL:     12   Next: 10%
Magic:  12/12      EV: 11    Int:  8    God:    Trog [****..]
Gold:   639        SH: 10    Dex:  9    Spells: 11/11 levels left

rFire   . . .      SeeInvis +   q - +0 war axe
rCold   + . .      Faith    .   b - +0 kite shield
rNeg    + . .      Spirit   .   s - +0 plate armour
rPois   inf        Reflect  .   n - +1 helmet
rElec   +          Harm     .   r - scarf {rC+ rF+}
rCorr   .          Rampage  .   i - +2 pair of gloves
Will    .....                   (no boots)
Stlth   ..........              o - amulet of the acrobat
HPRegen 0.22/turn               j - +4 ring of evasion
MPRegen 0.13/turn               a - ring of Starshine {rPois rF- Str+6 SInv}

@: about to teleport, on berserk cooldown, slowed, very slow
A: sickness immunity, AC +8, negative energy resistance 1, electricity
resistance, torment resistance 1, petrification resistance
a: Renounce Religion, Berserk, Trog's Hand, Brothers in Arms


You were on level 2 of the Lair of Beasts.
You worshipped Trog.
Trog was greatly pleased with you.
You visited 2 branches of the dungeon, and saw 10 of its levels.
You also visited: Ossuary.

You collected 662 gold pieces.
You spent 23 gold pieces at shops.


Innate Abilities, Weirdness & Mutations

You are immune to sickness and miasma.
Your stone body is resilient. (AC +8)
You are immune to poison.
You resist negative energy. (rN+)
You are resistant to electric shocks. (rElec)
You are resistant to unholy torment.
You are immune to petrification.


   Skills:
 - Level 9.0 Fighting
 - Level 12.0 Axes
 - Level 1.0 Throwing
 - Level 8.0 Armour
 - Level 3.4 Dodging
 + Level 10.1 Shields


You had 11 spell levels left.
You didn't know any spells.
Your spell library was empty.

Inventory:

Hand Weapons
 q - a +0 war axe (weapon)
 v - a +0 morningstar
Missiles
 k - a boomerang (quivered)
Armour
 b - a +0 kite shield (worn)
 i - a +2 pair of gloves (worn)
 n - a +1 helmet (worn)
 r - a scarf of resistance (worn)
 s - a +0 plate armour (worn)
 u - a +0 cloak
Jewellery
 a - the ring of Starshine (right hand) {rPois rF- Str+6 SInv}
   (You acquired it on level 2 of the Dungeon)

   [ring of strength]

   Str:       It affects your strength (+6).
   rF:        It makes you vulnerable to fire.
   rPois:     It protects you from poison.
   SInv:      It lets you see invisible.
 j - a +4 ring of evasion (left hand)
 l - a ring of fire
 o - an amulet of the acrobat (around neck)
 x - a +6 ring of strength
Scrolls
 d - 4 scrolls of teleportation
 h - 2 scrolls of identify
Potions
 c - 2 potions of mutation
 f - 9 potions of curing
 g - a potion of cancellation
 m - 3 potions of heal wounds
 t - 2 potions of haste
 w - 2 potions of might

Dungeon Overview and Level Annotations

Branches:
Dungeon (8/15)             Temple (0/1) D:6            Lair (2/5) D:8
Ossuary (visited)
  Swamp: Lair:2-3    Shoals: Lair:2-3     Snake: Lair:2-3    Spider: Lair:2-3

Altars:
Ashenzari
Fedhas
Gozag
Kikubaaqudgha
Makhleb
Trog
Uskayaw
Vehumet
Wu Jian
Xom

Shops:
D:1 **(

Annotations:
D:3 1 runed translucent door, qw's ghost, amateur BaCK
D:4 4 runed translucent doors, Crazy Yiuf; qw's ghost, amateur MiFi


Message History

Your Axes skill increases to level 12!
The wolf howls!
You hit the komodo dragon but do no damage.
The komodo dragon is moderately wounded.
You slash the blink frog! You closely miss the blink frog. x2
You slash the water moccasin!
You hear a howl! x2
The blink frog hits you.
The water moccasin bites you but does no damage.
You block the blink frog's attack.
The komodo dragon bites you but does no damage.
A wolf comes into view.
The blink frog closely misses you.
The blink frog hits you but does no damage.
You block the blink frog's attack.
The water moccasin bites you but does no damage.
The blink frog closely misses you. You block the komodo dragon's attack.
The blink frog hits you but does no damage.
The blink frog misses you.
You slice the blink frog!!
You kill the blink frog!
Trog accepts your kill.
You barely miss the komodo dragon. You closely miss the water moccasin.
You closely miss the blink frog. You barely miss the blink frog.
You miss the blink frog. You block the blink frog's attack.
The water moccasin bites you but does no damage.
The blink frog hits you but does no damage.
The blink frog hits you!
The blink frog blinks!
The komodo dragon bites you!
The blink frog hits you but does no damage.
The water moccasin bites you but does no damage.
The blink frog closely misses you. x2
11528 ||| READING 5 scrolls of teleportation.
As you read the scroll of teleportation, it crumbles to dust.
You feel strangely unstable.
The blink frog blinks!
The water moccasin barely misses you. You block the blink frog's attack.
The blink frog hits you but does no damage.
The komodo dragon bites you!
You die...

#...# #.. #...#
Fh### #...# ....
#...# ##..? #...##
#.h.h###....#
#.FF#.#...##
.}.#.hl#F#....#
#...S@F....##
#...F...F..#
#..........#
##..F#.P...#
#....###...#
#....P#P...##
#....###....# .
##...###...##
..####.....#.....#


You could see a komodo dragon, 8 blink frogs, a water moccasin and 4 wolves.

Vanquished Creatures
  A two-headed ogre (D:8)
  Amaemon (Lair:2)
  4 elephants (Lair:1)
  2 cane toads (Lair:1)
  An orange demon (Lair:2)
  2 kobold demonologists (D:7)
  A rime drake (Lair:1)
  3 komodo dragons (Lair:1)
  4 blink frogs
  Sigmund (D:6)
  A wraith (Ossuary)
  2 wyverns
  16 yaks
  A basilisk (Lair:1)
  A steam dragon (D:6)
  2 wargs (D:8)
  2 water moccasins
  2 orc warriors (D:8)
  An ice beast (D:7)
  A sky beast (D:7)
  3 black bears
  4 ogres
  A phantom (D:5)
  9 bullfrogs
  2 kobold brigands (D:7)
  A necrophage (D:5)
  5 scorpions
  5 wights (D:6)
  3 howler monkeys (D:8)
  4 crimson imps (D:5)
  5 hounds
  7 jellies
  3 gnoll boudas
  5 orc priests
  4 iguanas
  3 orc wizards (D:8)
  A statue (D:4)
  A mummy (Ossuary)
  8 adders
  15 gnolls
  3 shadow imps
  4 white imps
  An ufetubus (D:5)
  3 worms (D:2)
  A dart slug (D:1)
  22 orcs
  7 endoplasms
  6 giant cockroaches
  8 goblins
  8 hobgoblins
  8 jackals
  2 quokkas
  9 ball pythons
  5 bats
  6 frilled lizards (D:3)
  4 gnoll skeletons (Ossuary)
  24 kobolds
  6 kobold skeletons (Ossuary)
  15 orc skeletons (Ossuary)
  A quokka zombie (D:4)
  9 rats
  A rat zombie (D:4)
291 creatures vanquished.

Vanquished Creatures (collateral kills)
  An elephant (Lair:1)
  2 blink frogs (Lair:1)
  A water moccasin (Lair:1)
4 creatures vanquished.

Vanquished Creatures (others)
  4 fungi
  13 plants
17 creatures vanquished.

Grand Total: 312 creatures vanquished

Notes
Turn   | Place    | Note
-------+----------+-------------------------------------------
     0 | D:1      | qw the Gargoyle Berserker began the quest for the Orb.
     0 | D:1      | Reached XP level 1. HP: 14/14 MP: 1/1
     0 | D:1      | 0 ||| qw: Version: 0.1-a-103-gd6f5d3a
     0 | D:1      | 0 ||| qw: Game counter: 5575
     0 | D:1      | 0 ||| qw: Always use a shield: true
     0 | D:1      | 0 ||| qw: Do Orc after D:15 true
     0 | D:1      | 0 ||| qw: Do second Lair branch before Depths: true
     0 | D:1      | 0 ||| qw: Lair rune preference: random
     0 | D:1      | 0 ||| qw: Plans: Normal
     0 | D:1      | 0 ||| PLANNING D:1-11
   242 | D:1      | Found Daagoquh's Assorted Antiques.
   247 | D:1      | Reached skill level 3 in Axes
   287 | D:1      | 287 ||| SHOPLISTING pair of gloves (117 gold, have 25).
   287 | D:1      | 287 ||| SHOPLISTING ring mail (104 gold, have 25).
   287 | D:1      | 287 ||| SHOPLISTING scroll labelled JIF WUBOUDD (26 gold,
                  | have 25).
   287 | D:1      | 287 ||| SHOPLISTING scroll labelled VOQEOR WIRCH (26 gold,
                  | have 25).
   287 | D:1      | 287 ||| BUYING sedimented orange potion (23 gold).
   287 | D:1      | Bought a sedimented orange potion for 23 gold pieces
   287 | D:1      | 287 ||| SHOPLISTING smoky red potion (23 gold, have 2).
   287 | D:1      | 287 ||| SHOPLISTING yellow potion (23 gold, have 2).
   303 | D:1      | Reached XP level 2. HP: 19/19 MP: 2/2
   303 | D:1      | Found Qemoudi's General Store.
   315 | D:1      | 315 ||| INVOKING Berserk.
   495 | D:1      | 495 ||| SHOPLISTING +0 leather armour (26 gold, have 2).
   495 | D:1      | 495 ||| SHOPLISTING +0 ring mail (52 gold, have 2).
   522 | D:1      | 522 ||| Stepping ~*~*~tactically~*~*~ (hiding).
   654 | D:1      | 654 ||| Stepping ~*~*~tactically~*~*~ (stealth).
   655 | D:1      | 655 ||| Stepping ~*~*~tactically~*~*~ (stealth).
   748 | D:1      | 748 ||| Stepping ~*~*~tactically~*~*~ (stealth).
   749 | D:1      | 749 ||| Stepping ~*~*~tactically~*~*~ (stealth).
   777 | D:1      | 777 ||| Stepping ~*~*~tactically~*~*~ (stealth).
   801 | D:1      | 801 ||| Stepping ~*~*~tactically~*~*~ (stealth).
   812 | D:1      | 812 ||| Stepping ~*~*~tactically~*~*~ (stealth).
   814 | D:1      | 814 ||| Stepping ~*~*~tactically~*~*~ (stealth).
   816 | D:1      | 816 ||| Stepping ~*~*~tactically~*~*~ (stealth).
   824 | D:1      | 824 ||| Stepping ~*~*~tactically~*~*~ (stealth).
   825 | D:1      | 825 ||| Stepping ~*~*~tactically~*~*~ (stealth).
   842 | D:1      | Reached XP level 3. HP: 23/23 MP: 3/3
   881 | D:1      | Found Veffu's Weapon Shop.
   894 | D:1      | 894 ||| SHOPLISTING +0 flail (49 gold, have 23).
   894 | D:1      | 894 ||| SHOPLISTING +0 whip (35 gold, have 23).
   955 | D:1      | You fall into a shaft and drop 1 floor!
  1024 | D:2      | 1024 ||| UPGRADING to +0 pair of gloves.
  1029 | D:2      | 1029 ||| UPGRADING to +0 leather armour.
  1039 | D:2      | 1039 ||| DROPPING +0 animal skin.
  1040 | D:2      | 1040 ||| UPGRADING to +0 helmet.
  1045 | D:2      | 1045 ||| UPGRADING to +4 ring of evasion.
  1046 | D:2      | 1046 ||| READING scroll labelled GOSUATTO FUGOI.
  1047 | D:2      | 1047 ||| READING 3 scrolls labelled USTROI PEOMIU.
  1048 | D:2      | 1048 ||| READING scroll labelled BATRELU TIRUAF.
  1049 | D:2      | 1049 ||| READING scroll labelled FUZUZIH COTUUST.
  1104 | D:2      | 1104 ||| READING scroll labelled JEMOLO WAKK.
  1105 | D:2      | 1105 ||| READING scroll labelled FIUJYPRICVO.
  1105 | D:2      | Identified a scroll of acquirement
  1105 | D:2      | 1105 ||| ACQUIRING ring of Starshine {rPois rF- Str+6 SInv}
  1105 | D:2      | Acquired the ring of Starshine {rPois rF- Str+6 SInv}
  1107 | D:2      | 1107 ||| UPGRADING to ring of Starshine {rPois rF- Str+6
                  | SInv}.
  1108 | D:2      | 1108 ||| DRINKING 2 ruby potions.
  1109 | D:2      | 1109 ||| DROPPING 2 scrolls of fog.
  1419 | D:1      | Reached ** piety under Trog
  1521 | D:1      | 1521 ||| READING scroll labelled TACVAFFIRIU.
  1581 | D:2      | 1581 ||| STAIRDANCE
  1587 | D:1      | Reached skill level 4 in Axes
  1659 | D:2      | 1659 ||| INVOKING Berserk.
  1926 | D:2      | 1926 ||| INVOKING Berserk.
  2059 | D:2      | 2059 ||| DROPPING +0 club.
  2258 | D:2      | 2258 ||| UPGRADING to +0 kite shield.
  2263 | D:2      | 2263 ||| READING scroll labelled ULEIQIMUUB.
  2264 | D:2      | 2264 ||| READING scroll labelled TUCHIA RIPN.
  2265 | D:2      | 2265 ||| READING scroll labelled VOQEOR WIRCH.
  2266 | D:2      | 2266 ||| READING scroll labelled CELOAH EK DAGU.
  2284 | D:3      | Found an ornate altar of the Wu Jian Council.
  2295 | D:3      | Reached XP level 4. HP: 28/28 MP: 4/4
  2343 | D:3      | 2343 ||| INVOKING Berserk.
  2350 | D:3      | Reached skill level 1 in Shields
  2357 | D:3      | HP: 5/28 [gnoll/+0 spear (5)]
  2358 | D:3      | 2358 ||| READING scroll of teleportation.
  2358 | D:3      | HP: 2/28 [gnoll/+0 flail (4)]
  2359 | D:3      | 2359 ||| DRINKING 2 potions of heal wounds.
  2464 | D:3      | 2464 ||| FLEEEEING.
  2465 | D:3      | 2465 ||| FLEEEEING.
  2466 | D:3      | 2466 ||| STAIRDANCE
  2542 | D:2      | 2542 ||| READING 4 scrolls of identify.
  2542 | D:2      | 2542 ||| IDENTIFYING inky potion
  2543 | D:2      | 2543 ||| READING 3 scrolls of identify.
  2543 | D:2      | 2543 ||| IDENTIFYING fizzy ruby potion
  2544 | D:2      | 2544 ||| READING 2 scrolls of identify.
  2544 | D:2      | 2544 ||| IDENTIFYING sedimented orange potion
  2545 | D:2      | 2545 ||| DROPPING potion of magic.
  2546 | D:2      | 2546 ||| DROPPING potion of flight.
  2549 | D:3      | 2549 ||| STAIRDANCE
  2618 | D:3      | 2618 ||| Stepping ~*~*~tactically~*~*~ (hiding).
  2749 | D:3      | Found a runed translucent door.
  2750 | D:3      | Noticed qw's ghost (amateur BaCK)
  2778 | D:3      | Found a faded altar of an unknown god.
  2867 | D:3      | 2867 ||| INVOKING Berserk.
  3013 | D:3      | 3013 ||| DROPPING +0 whip.
  3189 | D:3      | 3189 ||| READING scroll of enchant armour.
  3189 | D:3      | 3189 ||| ENCHANTING +0 pair of gloves.
  3285 | D:3      | Reached XP level 5. HP: 32/32 MP: 5/5
  3336 | D:3      | Reached skill level 3 in Shields
  3344 | D:3      | 3344 ||| Stepping ~*~*~tactically~*~*~ (stealth).
  3356 | D:3      | 3356 ||| Stepping ~*~*~tactically~*~*~ (stealth).
  3365 | D:3      | 3365 ||| Stepping ~*~*~tactically~*~*~ (stealth).
  3617 | D:3      | 3617 ||| UPGRADING to +0 ring mail.
  3627 | D:3      | 3627 ||| DROPPING +0 leather armour.
  3628 | D:3      | 3628 ||| UPGRADING to scarf of resistance.
  3633 | D:3      | 3633 ||| READING 2 scrolls labelled JIF WUBOUDD.
  3634 | D:3      | 3634 ||| DRINKING 2 red potions.
  3635 | D:3      | 3635 ||| READING 4 scrolls of identify.
  3635 | D:3      | 3635 ||| IDENTIFYING smoky blue potion
  3636 | D:3      | 3636 ||| READING 3 scrolls of identify.
  3636 | D:3      | 3636 ||| IDENTIFYING fuming grey potion
  3637 | D:3      | 3637 ||| READING 2 scrolls of identify.
  3637 | D:3      | 3637 ||| IDENTIFYING yellow potion
  3638 | D:3      | 3638 ||| DROPPING potion of lignification.
  3639 | D:3      | 3639 ||| DROPPING potion of attraction.
  3640 | D:3      | 3640 ||| DROPPING scroll of noise.
  3667 | D:4      | 3667 ||| PLANNING OSSUARY
  3689 | D:4      | Noticed a black bear
  3691 | D:4      | 3691 ||| INVOKING Berserk.
  3698 | D:4      | Killed a black bear
  3699 | D:4      | Reached XP level 6. HP: 37/37 MP: 6/6
  3725 | D:4      | 3725 ||| FLEEEEING.
  3733 | D:4      | 3733 ||| STAIRDANCE
  3735 | D:3      | 3735 ||| READING scroll labelled CUGUKOGAOG.
  3756 | D:4      | Found a blossoming altar of Fedhas.
  3878 | D:4      | 3878 ||| READING scroll of enchant weapon.
  3878 | D:4      | 3878 ||| ENCHANTING +1 hand axe of protection.
  3883 | D:4      | Noticed a black bear
  3884 | D:4      | 3884 ||| Stepping ~*~*~tactically~*~*~ (stealth).
  3890 | D:4      | 3890 ||| Stepping ~*~*~tactically~*~*~ (stealth).
  3891 | D:4      | 3891 ||| INVOKING Berserk.
  3895 | D:4      | Killed a black bear
  3896 | D:4      | Reached skill level 5 in Axes
  3916 | D:4      | 3916 ||| FLEEEEING.
  3917 | D:4      | 3917 ||| FLEEEEING.
  3918 | D:4      | 3918 ||| FLEEEEING.
  3919 | D:4      | 3919 ||| FLEEEEING.
  3920 | D:4      | 3920 ||| FLEEEEING.
  3921 | D:4      | 3921 ||| FLEEEEING.
  3922 | D:4      | 3922 ||| FLEEEEING.
  3962 | D:4      | Found a radiant altar of Vehumet.
  4011 | D:4      | 4011 ||| Stepping ~*~*~tactically~*~*~ (stealth).
  4025 | D:4      | 4025 ||| INVOKING Berserk.
  4038 | D:4      | Reached XP level 7. HP: 42/42 MP: 7/7
  4045 | D:4      | Reached *** piety under Trog
  4101 | D:4      | 4101 ||| DROPPING +0 flail.
  4241 | D:4      | Found a sand-covered staircase.
  4242 | D:4      | 4242 ||| UPGRADING to +0 chain mail.
  4252 | D:4      | 4252 ||| DROPPING +0 ring mail.
  4253 | D:4      | 4253 ||| READING scroll labelled GAKHEIBYEB.
  4254 | D:4      | 4254 ||| READING scroll labelled FOWEITH GIGOP.
  4266 | Ossuary  | Entered an ossuary
  4266 | Ossuary  | Noticed a wraith
  4266 | Ossuary  | Noticed a wraith
  4266 | Ossuary  | Noticed a wraith
  4420 | Ossuary  | Noticed a wraith
  4444 | Ossuary  | Killed a wraith
  4445 | Ossuary  | Reached skill level 6 in Shields
  4708 | Ossuary  | 4708 ||| READING 2 scrolls of identify.
  4708 | Ossuary  | 4708 ||| IDENTIFYING emerald potion
  4716 | D:4      | 4716 ||| PLANNING D:1-11
  4792 | D:4      | Found a runed translucent door.
  4793 | D:4      | Noticed Crazy Yiuf
  4856 | D:4      | 4856 ||| Stepping ~*~*~tactically~*~*~ (stealth).
  4877 | D:4      | 4877 ||| INVOKING Berserk.
  5061 | D:4      | Found a runed translucent gate.
  5061 | D:4      | Found a runed translucent gate.
  5061 | D:4      | Found a runed translucent gate.
  5062 | D:4      | Noticed qw's ghost (amateur MiFi)
  5149 | D:4      | 5149 ||| READING scroll labelled EVUGYH EM URY.
  5250 | D:4      | 5250 ||| READING 3 scrolls of identify.
  5250 | D:4      | 5250 ||| IDENTIFYING brown potion
  5251 | D:4      | 5251 ||| READING 2 scrolls of identify.
  5251 | D:4      | 5251 ||| IDENTIFYING clear potion
  5252 | D:4      | 5252 ||| DROPPING potion of berserk rage.
  5253 | D:4      | 5253 ||| DROPPING potion of invisibility.
  5267 | D:5      | Entered Level 5 of the Dungeon
  5315 | D:5      | Found an opulent altar of Gozag.
  5377 | D:5      | Found a burning altar of Makhleb.
  5413 | D:5      | Found an ancient bone altar of Kikubaaqudgha.
  5425 | D:5      | Reached **** piety under Trog
  5501 | D:5      | Reached skill level 6 in Axes
  5513 | D:5      | Reached XP level 8. HP: 48/48 MP: 8/8
  5516 | D:5      | 5516 ||| INVOKING Berserk.
  5524 | D:5      | Reached skill level 3 in Armour
  5528 | D:5      | 5528 ||| Stepping ~*~*~tactically~*~*~ (stealth).
  5537 | D:5      | 5537 ||| Stepping ~*~*~tactically~*~*~ (stealth).
  5605 | D:5      | 5605 ||| Stepping ~*~*~tactically~*~*~ (hiding).
  5609 | D:5      | 5609 ||| INVOKING Berserk.
  5639 | D:5      | 5639 ||| Stepping ~*~*~tactically~*~*~ (stealth).
  5700 | D:5      | 5700 ||| INVOKING Berserk.
  5886 | D:5      | Found a hide-covered altar of Uskayaw.
  5940 | D:5      | Reached skill level 7 in Axes
  6163 | D:5      | Found a shimmering altar of Xom.
  6179 | D:5      | Paralysed by a crimson imp for 3 turns
  6309 | D:5      | 6309 ||| READING 2 scrolls of identify.
  6309 | D:5      | 6309 ||| IDENTIFYING amethyst potion
  6349 | D:6      | 6349 ||| INVOKING Berserk.
  6353 | D:6      | 6353 ||| STAIRDANCE
  6493 | D:6      | 6493 ||| INVOKING Berserk.
  6504 | D:6      | Reached skill level 1 in Throwing
  6572 | D:6      | 6572 ||| INVOKING Berserk.
  6579 | D:6      | Reached XP level 9. HP: 54/54 MP: 9/9
  6746 | D:6      | 6746 ||| INVOKING Berserk.
  6871 | D:6      | Found a bloodstained altar of Trog.
  6872 | D:6      | 6872 ||| INVOKING Berserk.
  6879 | D:6      | Reached skill level 8 in Axes
  6890 | D:6      | Reached skill level 6 in Fighting
  7025 | D:6      | Noticed Sigmund
  7027 | D:6      | 7027 ||| INVOKING Berserk.
  7043 | D:6      | Killed Sigmund
  7201 | D:6      | Found a staircase to the Ecumenical Temple.
  7204 | D:6      | 7204 ||| INVOKING Berserk.
  7400 | D:6      | 7400 ||| Stepping ~*~*~tactically~*~*~ (hiding).
  7401 | D:6      | 7401 ||| Stepping ~*~*~tactically~*~*~ (hiding).
  7461 | D:6      | 7461 ||| INVOKING Berserk.
  7632 | D:7      | Noticed a kobold demonologist
  7635 | D:7      | 7635 ||| INVOKING Berserk.
  7635 | D:7      | Noticed a kobold demonologist
  7644 | D:7      | Reached skill level 9 in Axes
  7644 | D:7      | Noticed an orange demon
  7645 | D:7      | Killed a kobold demonologist
  7646 | D:7      | Reached XP level 10. HP: 61/61 MP: 10/10
  7652 | D:7      | Killed a kobold demonologist
  7788 | D:7      | Found a broken altar of Ashenzari.
  7939 | D:7      | 7939 ||| INVOKING Berserk.
  8065 | D:7      | 8065 ||| Stepping ~*~*~tactically~*~*~ (stealth).
  8161 | D:7      | 8161 ||| READING scroll of enchant armour.
  8161 | D:7      | 8161 ||| ENCHANTING +1 pair of gloves.
  8288 | D:7      | 8288 ||| Stepping ~*~*~tactically~*~*~ (stealth).
  8298 | D:7      | 8298 ||| Stepping ~*~*~tactically~*~*~ (hiding).
  8299 | D:7      | 8299 ||| Stepping ~*~*~tactically~*~*~ (hiding).
  8438 | D:7      | 8438 ||| READING 3 scrolls of identify.
  8438 | D:7      | 8438 ||| IDENTIFYING metallic purple potion
  8439 | D:7      | 8439 ||| DROPPING potion of brilliance.
  8482 | D:8      | 8482 ||| INVOKING Berserk.
  8498 | D:8      | Reached skill level 9 in Shields
  8597 | D:8      | Found a staircase to the Lair.
  8613 | D:8      | 8613 ||| Stepping ~*~*~tactically~*~*~ (stealth).
  8617 | D:8      | 8617 ||| Stepping ~*~*~tactically~*~*~ (stealth).
  8625 | D:8      | 8625 ||| Stepping ~*~*~tactically~*~*~ (hiding).
  8638 | D:8      | Reached ***** piety under Trog
  8691 | D:8      | 8691 ||| READING scroll of enchant weapon.
  8691 | D:8      | 8691 ||| ENCHANTING +2 hand axe of protection.
  8717 | D:8      | 8717 ||| Stepping ~*~*~tactically~*~*~ (stealth).
  8749 | D:8      | Reached skill level 10 in Axes
  8930 | D:8      | 8930 ||| INVOKING Berserk.
  9216 | D:8      | Noticed a two-headed ogre
  9220 | D:8      | 9220 ||| INVOKING Berserk.
  9226 | D:8      | Killed a two-headed ogre
  9227 | D:8      | Reached skill level 3 in Dodging
  9354 | D:8      | 9354 ||| SWAPPING to +0 war axe.
  9355 | D:8      | 9355 ||| DROPPING +3 hand axe of protection.
  9626 | D:8      | 9626 ||| PLANNING LAIR
  9626 | D:8      | 9626 ||| UPGRADING to +0 plate armour.
  9636 | D:8      | 9636 ||| DROPPING +0 chain mail.
  9637 | D:8      | 9637 ||| UPGRADING to amulet of the acrobat.
  9642 | D:8      | 9642 ||| DROPPING +6 ring of dexterity.
  9698 | Lair:1   | Entered Level 1 of the Lair of Beasts
  9734 | Lair:1   | Noticed a cane toad
  9737 | Lair:1   | 9737 ||| INVOKING Berserk.
  9744 | Lair:1   | Killed a cane toad
  9745 | Lair:1   | Reached XP level 11. HP: 68/68 MP: 11/11
  9826 | Lair:1   | 9826 ||| Stepping ~*~*~tactically~*~*~ (stealth).
  9842 | Lair:1   | Reached skill level 6 in Armour
  9847 | Lair:1   | 9847 ||| INVOKING Berserk.
 10018 | Lair:1   | 10018 ||| Stepping ~*~*~tactically~*~*~ (stealth).
 10020 | Lair:1   | 10020 ||| Stepping ~*~*~tactically~*~*~ (hiding).
 10023 | Lair:1   | 10023 ||| Stepping ~*~*~tactically~*~*~ (hiding).
 10026 | Lair:1   | 10026 ||| INVOKING Berserk.
 10164 | Lair:1   | 10164 ||| Stepping ~*~*~tactically~*~*~ (stealth).
 10167 | Lair:1   | 10167 ||| INVOKING Berserk.
 10187 | Lair:1   | Reached skill level 11 in Axes
 10227 | Lair:1   | 10227 ||| Stepping ~*~*~tactically~*~*~ (stealth).
 10228 | Lair:1   | 10228 ||| Stepping ~*~*~tactically~*~*~ (stealth).
 10229 | Lair:1   | 10229 ||| Stepping ~*~*~tactically~*~*~ (stealth).
 10240 | Lair:1   | 10240 ||| Stepping ~*~*~tactically~*~*~ (stealth).
 10242 | Lair:1   | 10242 ||| Stepping ~*~*~tactically~*~*~ (stealth).
 10243 | Lair:1   | 10243 ||| Stepping ~*~*~tactically~*~*~ (stealth).
 10254 | Lair:1   | 10254 ||| INVOKING Berserk.
 10408 | Lair:1   | 10408 ||| INVOKING Berserk.
 10421 | Lair:1   | Reached skill level 9 in Fighting
 10426 | Lair:1   | 10426 ||| INVOKING Brothers in Arms.
 10429 | Lair:1   | 10429 ||| INVOKING Brothers in Arms.
 10691 | Lair:1   | 10691 ||| INVOKING Berserk.
 11164 | Lair:1   | 11164 ||| READING scroll of enchant armour.
 11164 | Lair:1   | 11164 ||| ENCHANTING +0 helmet.
 11175 | Lair:1   | 11175 ||| INVOKING Berserk.
 11195 | Lair:1   | Reached XP level 12. HP: 38/76 MP: 12/12
 11463 | Lair:1   | 11463 ||| READING 3 scrolls of identify.
 11463 | Lair:1   | 11463 ||| IDENTIFYING smoky red potion
 11464 | Lair:1   | 11464 ||| DROPPING potion of degeneration.
 11497 | Lair:2   | Noticed Amaemon
 11498 | Lair:2   | 11498 ||| Stepping ~*~*~tactically~*~*~ (hiding).
 11499 | Lair:2   | 11499 ||| Stepping ~*~*~tactically~*~*~ (hiding).
 11503 | Lair:2   | 11503 ||| INVOKING Berserk.
 11511 | Lair:2   | Killed Amaemon
 11526 | Lair:2   | Reached skill level 12 in Axes
 11527 | Lair:2   | HP: 10/76 [komodo dragon (12)]
 11528 | Lair:2   | 11528 ||| READING 5 scrolls of teleportation.
 11528 | Lair:2   | Slain by a komodo dragon

Levels and vault maps discovered:
D:1:      ncdulo_halloftheorcs, layout_loops_ring, serial_shops,
          nicolae_shop_bloodbath_and_beyond, shop, nicolae_shop_waterfront
D:2:      layout_rooms, minmay_cupped
D:3:      layout_basic, nicolae_wu_jian_wuxing_cycle,
          hellmonk_ecumenical_altar_blasted, gammafunk_ghost_grave,
          hangedman_abyss_or_decor_lesser_grid, minmay_joined_circles
D:4:      layout_cave_pools, vehumet_statue, fedhas_ov_isle_minmay,
          gammafunk_ghost_nasty_kobolds, enter_ossuary_4, grunt_tough_drop,
          uniq_crazy_yiuf_cottage
D:5:      minmay_recursive_quarters, layout_cave_pools, led_xom_imps,
          makhleb_heckhound_becter, mainiacjoe_overflow_small_starburst,
          nicolae_gozag_seed_capital, mainiacjoe_overflow_concentric_impassable
D:6:      layout_rooms, minmay_temple_entry_mist, nrook_loot_triangle,
          minmay_ruined_shrine, uniq_sigmund
D:7:      layout_rooms, ashenzari_conservatory_becter
D:8:      layout_gridville, erik_lair_orcish_takeover
Lair:1:   layout_hall_layers, minivault_11, dreamdust_gnoll_shepherd,
          grunt_megastairs_3
Lair:2:   layout_long_grid, guppyfry_snake_entry_garden, nzn_random_ring,
          grunt_megastairs_2, uniq_amaemon

Skill      XL: |  1  2  3  4  5  6  7  8  9 10 11 12 |
---------------+-------------------------------------+-----
Axes           | 3 4 5 6 7 9 10 11 12 | 12.0
Shields        | 2 5 6 7 8 9 10 | 10.1
Fighting       | 4 5 6 8 9 |  9.0
Armour         | 3 4 5 8 |  8.0
Throwing       | 1 |  1.0
Dodging        | 3 |  3.4

Action                   |  1- 3 |  4- 6 |  7- 9 | 10-12 || total
-------------------------+-------+-------+-------+-------++-------
Melee: Hand axe          |   113 |   155 |   318 |   167 ||   753
       Punch             |     1 |       |       |       ||     1
       War axe           |       |       |       |   167 ||   167
Throw: Boomerang         |       |    34 |    19 |    46 ||    99
Invok: Berserk           |     3 |     5 |    13 |    13 ||    34
       Brothers in Arms  |       |       |       |     2 ||     2
  Use: Scroll            |    11 |    11 |     7 |     6 ||    35
       Potion            |     1 |     2 |       |       ||     3
Armor: Animal skin       |    20 |       |       |       ||    20
       Leather armour    |     8 |    36 |       |       ||    44
       Ring mail         |       |    22 |    19 |       ||    41
       Chain mail        |       |       |   133 |    72 ||   205
       Plate armour      |       |       |       |    98 ||    98
Dodge: Dodged            |    60 |    87 |   145 |   166 ||   458
Block: Kite shield       |     1 |    51 |   132 |   200 ||   384

Table legend:
 A = Non-vault XP
 B = Vault XP
 C = Vault XP percentage of total XP
 D = Non-vault monster count
 E = Vault monster count
 F = Vault count percentage of total count
                 A         B        C        D         E       F
            +---------+---------+-------+---------+---------+-------
      Total |   14054 |    5765 |  29.1 |     203 |      92 |  31.2
            +---------+---------+-------+---------+---------+-------
        D:1 |      49 |       0 |   0.0 |      28 |       0 |   0.0
        D:2 |      28 |       9 |  24.3 |      13 |       3 |  18.8
        D:3 |      81 |      30 |  27.0 |      20 |      12 |  37.5
        D:4 |     492 |      37 |   7.0 |      29 |       5 |  14.7
        D:5 |     317 |     688 |  68.5 |      12 |      13 |  52.0
        D:6 |    1087 |     892 |  45.1 |      21 |      11 |  34.4
        D:7 |    1761 |       0 |   0.0 |      30 |       0 |   0.0
        D:8 |    2707 |     643 |  19.2 |      22 |       9 |  29.0
     Lair:1 |    7532 |    1772 |  19.0 |      28 |       9 |  24.3
     Lair:2 |       0 |    1427 | 100.0 |       0 |       3 | 100.0
    Ossuary |       0 |     267 | 100.0 |       0 |      27 | 100.0
            +---------+---------+-------+---------+---------+-------
